 Dungeon Crawl Stone Soup version 0.29-a0-40-g8eb35efe60 (webtiles) character file.

Game seed: 10246827599148500057

485 Ajdolov the Digger (level 7, -2/41 HPs)
             Began as an Octopode Earth Elementalist on Feb 1, 2022.
             Slain by an orc (4 damage)
             ... on level 4 of the Dungeon.
             The game lasted 00:07:28 (4445 turns).

Ajdolov the Digger (Octopode Earth Elementalist)    Turns: 4445, Time: 00:07:29

Health: -2/41      AC:  1    Str: 14    XL:     7   Next: 13%
Magic:  1/11       EV: 13    Int: 19    God:
Gold:   190        SH:  0    Dex: 12    Spells: 7/11 levels left

rFire   + . .      SeeInvis .   g - +1 spear (venom)
rCold   . . .      Faith    .   l - orb {light}
rNeg    . . .      Spirit   .   (helmet restricted)
rPois   .          Reflect  .   o - amulet of the acrobat
rElec   .          Harm     .   d - +6 ring of strength
rCorr   .          Rampage  .   q - ring of protection from fire
Will    .....                   (no ring)
Stlth   +.........              (no ring)
HPRegen 0.13/turn               (no ring)
MPRegen 0.12/turn               (no ring)
                                (no ring)
                                (no ring)

@: very slightly contaminated, glowing
A: almost no armour, amphibious, 8 rings, camouflage 1, gelatinous body 1,
(nimble swimmer 1), tentacles
a: no special abilities


You were on level 4 of the Dungeon.
You visited 1 branch of the dungeon, and saw 5 of its levels.

You collected 190 gold pieces.

Inventory:

Hand Weapons
 g - a +1 spear of venom (weapon)
Missiles
 b - 135 stones
Armour
 l - an orb of light (worn)
Magical Staves
 y - a staff of earth
Jewellery
 d - a +6 ring of strength (left tentacle)
 o - an amulet of the acrobat (around mantle)
 q - a ring of protection from fire (right tentacle)
 r - a ring of ice
Scrolls
 a - 3 scrolls of teleportation
 c - a scroll of noise {unknown}
 e - a scroll of enchant armour {unknown}
 h - 4 scrolls of identify
 i - a scroll of silence {unknown}
 j - a scroll of enchant weapon {unknown}
 m - a scroll of blinking {unknown}
 s - a scroll of magic mapping {unknown}
 w - a scroll of torment {unknown}
Potions
 f - a potion of heal wounds {unknown}
 k - a potion of cancellation {unknown}
 n - 2 potions of haste
 p - a potion of curing
 t - a potion of brilliance {unknown}
 u - a potion of mutation {unknown}
 v - a potion of might {unknown}
 x - 2 potions of invisibility {unknown}
 z - a potion of lignification {unknown}
 A - a potion of flight {unknown}


   Skills:
 - Level 2.0 Dodging
 - Level 2.6 Stealth
 + Level 2.8 Spellcasting
 * Level 2.9 Conjurations
 - Level 1.0 Transmutations
 * Level 6.7 Earth Magic


You had 7 spell levels left.
You knew the following spells:

 Your Spells              Type           Power      Damage    Failure   Level
a - Sandblast             Erth           56%        2d13      1%          1
b - Stone Arrow           Conj/Erth      42%        3d9       6%          3

Your spell library contained the following spells:

 Spells                   Type           Power      Damage    Failure   Level
 Passwall                 Tmut/Erth      14%        N/A       4%          2
 Apportation              Tloc           4%         N/A       16%         1
 Petrify                  Tmut/Erth      17%        N/A       30%         4
 Alistair's Intoxication  Tmut/Pois      2%         N/A       98%         5


Dungeon Overview and Level Annotations

Branches:
Dungeon (5/15)
 Temple: D:4-7

Altars:
Hepliaklqana

Shops:
D:1 **(


Innate Abilities, Weirdness & Mutations

You cannot wear most types of armour.
You are amphibious.
You can wear up to eight rings at the same time.
Your skin changes colour to match your surroundings (Stealth+).
Your rubbery body absorbs attacks. (AC +1, EV +1)
((You are camouflaged when in or above water. (Stealth+)))
You have tentacles for arms and can constrict up to eight enemies at once.


Message History

You miscast Stone Arrow.
You are very lightly contaminated with residual magic.
Nothing appears to happen.
The phantom hits you.
The phantom blinks!
You blink.
Casting: Stone Arrow (dangerous; 7% risk of failure)
Confirm with . or Enter, or press ? or * to list all spells.
Aiming: Stone Arrow (dangerous; 7% risk of failure)
Press: ? - help, Shift-Dir - straight line, f/p - phantom
Aim: a phantom (haloed, 71% to hit)
The stone arrow hits the phantom!!
The phantom is heavily damaged.
The phantom hits you!
The phantom blinks!
You blink.
Unknown command.
Aiming: Sandblast (safe; 1% risk of failure)
Press: ? - help, Q - select action, (/) - cycle Shift-Dir - straight line, f/p - phantom
Aim: a phantom (heavily damaged, haloed, 80% to hit)
The blast of sand hits the phantom!
You destroy the phantom!
You have reached level 7!
You hit the orc wizard. You grab the orc wizard.
The orc wizard is moderately wounded.
You constrict the orc wizard. The orc closely misses you.
The orc wizard casts a spell at you. You resist with some effort.
You hit the orc wizard.
The orc wizard is poisoned.
The orc wizard is severely wounded.
You constrict the orc wizard, but do no damage.
The orc hits you with a +0 club.
* * * LOW HITPOINT WARNING * * *
The orc wizard casts a spell at you. The magic dart hits you!
* * * LOW HITPOINT WARNING * * *
You feel better.
You constrict the orc wizard. The orc hits you with a +0 club.
* * * LOW HITPOINT WARNING * * *
The orc wizard hits you with a +0 dagger.
* * * LOW HITPOINT WARNING * * *
Unknown command.
You hit the orc wizard.
You kill the orc wizard!
The orc hits you with a +0 club.
You die...

...#####.................#
...................#######
###................#
..#................#
..#................#
..+............)...#
..#................#######
..#......................#
..#.............@........#
'#############.)o........#
......#......'...........#
......#......#...........#
......#......#...........#
......#......#...........#
......#......#.....#######
......####'###>....#....#
......#.......))...'....#


You could see an orc.

Vanquished Creatures
  An ogre (D:4)
  A phantom (D:4)
  A howler monkey (D:4)
  2 orc priests
  2 jellies (D:4)
  Crazy Yiuf (D:2)
  A hound (D:4)
  An orc wizard (D:4)
  An adder (D:3)
  An adder skeleton (D:4)
  4 worms
  6 dart slugs
  3 orcs
  3 endoplasms (D:2)
  3 giant cockroaches
  4 goblins
  10 hobgoblins
  4 jackals (D:4)
  6 kobolds
  5 quokkas
  6 ball pythons
  9 bats
  9 frilled lizards
  3 rats
87 creatures vanquished.

Notes
Turn   | Place    | Note
-------+----------+-------------------------------------------
     0 | D:1      | Ajdolov the Octopode Earth Elementalist began the quest for
                  | the Orb.
     0 | D:1      | Reached XP level 1. HP: 11/11 MP: 3/3
   199 | D:1      | Found Gosischa's Antique Weapon Boutique.
   287 | D:1      | Reached XP level 2. HP: 8/17 MP: 5/5
   619 | D:1      | Found Xyrr's General Store.
   741 | D:1      | Found Ixelacrog's General Store.
   948 | D:2      | Reached skill level 4 in Earth Magic
  1003 | D:2      | Reached XP level 3. HP: 21/21 MP: 3/6
  1037 | D:2      | Learned a level 3 spell: Stone Arrow
  1557 | D:2      | Found a runed translucent door.
  1558 | D:2      | Noticed Crazy Yiuf
  1602 | D:2      | Killed Crazy Yiuf
  1603 | D:2      | Reached XP level 4. HP: 14/27 MP: 5/7
  2005 | D:2      | Reached skill level 5 in Earth Magic
  2663 | D:3      | Found a faded altar of an unknown god.
  2743 | D:3      | Reached XP level 5. HP: 31/31 MP: 8/8
  2988 | D:4      | Found a hazy altar of Hepliaklqana.
  3366 | D:4      | Reached skill level 6 in Earth Magic
  3661 | D:4      | Reached skill level 1 in Conjurations
  3682 | D:4      | Reached XP level 6. HP: 21/36 MP: 9/9
  4213 | D:5      | Entered Level 5 of the Dungeon
  4442 | D:4      | Reached XP level 7. HP: 15/41 MP: 0/11
  4444 | D:4      | HP: 2/41 [orc wizard (3)]
  4445 | D:4      | Slain by an orc

Illustrated notes

Levels and vault maps discovered:
D:1:      dpeg_arrival_long_road, layout_loops_ring, serial_shops, shop, shop,
          nicolae_shop_hallway_plus
D:2:      layout_loops_corners, minmay_pentomino_w4, uniq_crazy_yiuf_cottage
D:3:      layout_loops_cross, dreamdust_ecumenical_altar_sealed_demon,
          nrook_loot_triangle, grunt_ministairs_4
D:4:      layout_gridville, lemuel_doored_altar
D:5:      layout_loops_ring, uniq_ijyb, uniq_pikel

Skill      XL: |  1  2  3  4  5  6 |
---------------+-------------------+-----
Earth Magic    | 4 5 6 |  6.7
Conjurations   | 1 2 |  2.9
Dodging        | |  2.0
Stealth        | |  2.6
Spellcasting   | |  2.8
Transmutations | |  1.0

Action                   |  1- 3 |  4- 6 |  7- 9 || total
-------------------------+-------+-------+-------++-------
Melee: Spear             |    55 |    97 |     3 ||   155
       Constrict         |    11 |    26 |     1 ||    38
       Quarterstaff      |     2 |       |       ||     2
       Tentacles         |     4 |    15 |       ||    19
       Punch             |       |     1 |       ||     1
 Cast: Sandblast         |     7 |     4 |       ||    11
       Stone Arrow       |       |     2 |       ||     2
  Use: Scroll            |       |     4 |       ||     4
       Potion            |       |       |     1 ||     1
 Stab: Sleeping          |    12 |     6 |       ||    18
Armor: Skin              |     3 |     6 |       ||     9
Dodge: Dodged            |    20 |    54 |     1 ||    75

Table legend: (Time is in decaauts)
 A = Elapsed time spent in this place.
 B = Non-inter-level travel time spent in this place.
 C = Inter-level travel time spent in this place.
 D = Time resting spent in this place.
 E = Time spent auto-exploring this place.
 F = Levels seen in this place.
 G = Mean time per level.
                   A        B        C        D        E       F      G
               +--------+--------+--------+--------+--------+-----+--------+
         Total |   4460 |   4344 |    116 |    740 |   2974 |   5 |  892.0 |
       Dungeon |   4460 |   4344 |    116 |    740 |   2974 |   5 |  892.0 |
               +--------+--------+--------+--------+--------+-----+--------+

Top non-repeatable levels by time:
     D:4: 1481 daAuts
     D:2: 1190 daAuts
     D:1: 936 daAuts
     D:3: 834 daAuts
     D:5: 18 daAuts
